 Dungeon Crawl Stone Soup version 0.25.1-1-g288607f5aa (webtiles) character file.

Game seed: 68185512532459928

38 freezomb the Firebug (level 3, 0/26 HPs)
             Began as a Draconian Fire Elementalist on July 22, 2020.
             Succumbed to an adder's poison
             ... on level 1 of the Dungeon.
             The game lasted 00:11:13 (1162 turns).

freezomb the Firebug (Draconian Fire Elementalist)  Turns: 1162, Time: 00:11:14

Health: 0/26       AC:  6    Str: 10    XL:     3   Next: 25%
Magic:  2/6        EV: 12    Int: 16    God:
Gold:   57         SH:  0    Dex: 11    Spells: 2/6 levels left

rFire    . . .     SeeInvis .   g - +0 dagger
rCold    . . .     Gourm    .   (no shield)
rNeg     . . .     Faith    .   (armour unavailable)
rPois    .         Spirit   .   (helmet restricted)
rElec    .         Reflect  .   c - +0 cloak
rCorr    .         Harm     .   (no gloves)
MR       .....                  (no boots)
Stlth    ++........             (no amulet)
HPRegen  0.08/turn              (no ring)
MPRegen  0.10/turn              (no ring)

@: lethally poisoned (0 -> -7)
A: unfitting armour, cold-blooded, AC +5
a: no special abilities


You were on level 1 of the Dungeon.
You were not hungry.

You visited 1 branch of the dungeon, and saw 2 of its levels.

You collected 57 gold pieces.

Inventory:

Hand Weapons
 g - a +0 dagger (weapon)
Armour
 c - a +0 cloak (worn)
Scrolls
 a - a scroll of identify {unknown}
 d - a scroll of fear {unknown}
 e - a scroll of blinking {unknown}
Comestibles
 b - 3 rations


   Skills:
 - Level 1.7 Dodging
 - Level 1.7 Stealth
 - Level 2.0 Spellcasting
 * Level 1.3 Conjurations
 * Level 4.2 Fire Magic


You had 2 spell levels left.
You knew the following spells:

 Your Spells              Type           Power        Failure   Level  Hunger
a - Foxfire               Conj/Fire      ##..         7%          1    #......
b - Conjure Flame         Conj/Fire      ##......     21%         3    ###....

Your spell library contained the following spells:

 Spells                   Type           Power        Failure   Level  Hunger
 Inner Flame              Hex/Fire       #.......     26%         3    ###....
 Sticky Flame             Conj/Fire      ##......     54%         4    #####..
 Fireball                 Conj/Fire      ##........   88%         5    ######.


Dungeon Overview and Level Annotations

Branches:
Dungeon (2/15)

Altars:


Innate Abilities, Weirdness & Mutations

Your plain brown scales are hard. (AC +5)
You cannot fit into any form of body armour.
You are cold-blooded and may be slowed by cold attacks.


Message History

* * * LOW HITPOINT WARNING * * *
You feel sick.
The foxfire hits the adder.
The adder is severely wounded.
The foxfire hits the adder.
The adder is almost dead.
* * * LOW HITPOINT WARNING * * *
You feel sick.
You barely miss the adder.
Your tail-slap misses the adder.
The adder is almost dead.
The adder bites you but does no damage.
You closely miss the adder.
The adder is almost dead.
* * * LOW HITPOINT WARNING * * *
You feel sick. The adder bites you but does no damage.
The kobold hits you with a +0 short sword.
* * * LOW HITPOINT WARNING * * *
The adder barely misses you.
You closely miss the adder.
Your tail-slap misses the adder.
The adder is almost dead.
You die...

#.####...........# #÷#
#######.##.....#.#####.#######.#
#..........###.#.##.............
##.#######...#######.###.##.#####
...#.....'...#.....#.............
...#..<..'...'.....#.###.##.####.
..##.....##.##.....#.###.##.####.
...###''###.####'###.....##.##...
........##...##.@..............##
.#......##...##KS....##.######.#
...###+####.####'###.##.# #.##
...#.....##.##.....#....# #...
...#.....§..(#..>..#.##.# #######
.#.#.....#...#.....#.##.###...###
...#######...#######.##.#........
##.# #.# #()..................###
#.# #.###)##.#####..##.#..#.##


You could see an adder and a kobold.

Vanquished Creatures
  An adder (D:2)
  An ooze (D:1)
  2 dart slugs (D:1)
  A leopard gecko (D:1)
  2 bats (D:1)
  2 goblins (D:1)
  A hobgoblin (D:1)
  4 frilled lizards (D:1)
  5 kobolds (D:1)
  5 rats (D:1)
24 creatures vanquished.

Vanquished Creatures (others)
  24 foxfires
24 creatures vanquished.

Grand Total: 48 creatures vanquished

Notes
Turn   | Place    | Note
-------+----------+-------------------------------------------
     0 | D:1      | freezomb the Draconian Fire Elementalist began the quest
                  | for the Orb.
     0 | D:1      | Reached XP level 1. HP: 14/14 MP: 3/3
   172 | D:1      | Reached XP level 2. HP: 14/20 MP: 0/5
   612 | D:1      | Reached skill level 4 in Fire Magic
   862 | D:1      | Reached XP level 3. HP: 25/26 MP: 4/6
   881 | D:1      | Learned a level 3 spell: Conjure Flame
  1161 | D:1      | HP: 1/26 [kobold/+0 short sword (4)]
  1162 | D:1      | Succumbed to an adder's poison

Illustrated notes

Levels and vault maps discovered:
D:1:      dpeg_arrival_houses_and_road, layout_loops_ring
D:2:      layout_loops_ring, chequers_temple_overflow_minitemple, first_ration,
          minmay_small_reverse_x, uniq_natasha, uniq_terence

Skill      XL: |  1  2 |
---------------+-------+-----
Fire Magic     | 4 |  4.2
Dodging        | |  1.7
Stealth        | |  1.7
Spellcasting   | |  2.0
Conjurations   | |  1.3

Action                   || total
-------------------------++-------
Melee: Unarmed           ||    41
       Tailslap          ||     5
       Dagger            ||    17
 Cast: Foxfire           ||    19
  Eat: Chunk             ||     1
Armor: Skin              ||    25
Dodge: Dodged            ||    37
